 Dungeon Crawl Stone Soup version 0.28.0-43-g3370ac3207 (webtiles) character file.

Game seed: 12170456427439279811

51 Ablot the Grasshopper (level 3, -2/31 HPs)
             Began as a Gnoll Warper on Mar 23, 2022.
             Killed from afar by an orc wizard (8 damage)
             ... with a magic dart
             ... on level 3 of the Dungeon.
             The game lasted 00:02:16 (2150 turns).

Ablot the Grasshopper (Gnoll Warper)                Turns: 2150, Time: 00:02:17

Health: -2/31      AC:  4    Str: 12    XL:     3   Next: 83%
Magic:  9/9        EV: 12    Int: 12    God:
Gold:   116        SH:  0    Dex: 11    Spells: 10/12 levels left

rFire   . . .      SeeInvis .   a - +0 spear
rCold   . . .      Faith    .   (no shield)
rNeg    . . .      Spirit   .   b - +0 leather armour
rPois   .          Reflect  .   (no helmet)
rElec   .          Harm     .   (no cloak)
rCorr   .          Rampage  .   n - +0 pair of gloves
Will    .....                   (no boots)
Stlth   +.........              (no amulet)
HPRegen 0.10/turn               (no ring)
MPRegen 0.11/turn               (no ring)

@: no status effects
A: fangs 1, strong nose, distributed training
a: no special abilities


You were on level 3 of the Dungeon.
You visited 1 branch of the dungeon, and saw 3 of its levels.

You collected 116 gold pieces.

Inventory:

Hand Weapons
 a - a +0 spear (weapon)
Missiles
 d - 5 boomerangs of dispersal (quivered)
 h - 20 sling bullets
 j - 70 stones
 l - 3 curare-tipped darts
Armour
 b - a +0 leather armour (worn)
 n - a +0 pair of gloves (worn)
Jewellery
 p - an amulet of faith
Scrolls
 c - a scroll of blinking
 e - 7 scrolls of identify {unknown}
 g - a scroll of enchant armour {unknown}
 i - 2 scrolls of teleportation {unknown}
 k - a scroll of summoning {unknown}
 q - a scroll of holy word {unknown}
 r - a scroll of brand weapon {unknown}
 s - a scroll of acquirement {unknown}
Potions
 f - 3 potions of brilliance {unknown}
 m - a potion of ambrosia {unknown}
 o - a potion of flight {unknown}
 t - a potion of lignification {unknown}


   Skills:
 + Level 4.6 Fighting
 + Level 1.0 Short Blades
 + Level 1.0 Long Blades
 + Level 1.0 Axes
 + Level 1.0 Maces & Flails
 + Level 4.6 Polearms
 + Level 1.0 Staves
 + Level 1.0 Slings
 + Level 1.0 Bows
 + Level 1.0 Crossbows
 + Level 2.6 Throwing
 + Level 2.6 Armour
 + Level 4.6 Dodging
 + Level 1.0 Stealth
 + Level 1.0 Shields
 + Level 1.0 Unarmed Combat
 + Level 5.0 Spellcasting
 + Level 0.7 Conjurations
 + Level 0.7 Hexes
 + Level 0.7 Summonings
 + Level 0.7 Necromancy
 + Level 5.4 Translocations
 + Level 0.7 Transmutations
 + Level 0.7 Fire Magic
 + Level 0.7 Ice Magic
 + Level 0.7 Air Magic
 + Level 0.7 Earth Magic
 + Level 0.7 Poison Magic
 + Level 1.0 Invocations
 + Level 1.0 Evocations


You had 10 spell levels left.
You knew the following spells:

 Your Spells              Type           Power      Damage    Failure   Level
a - Blink                 Tloc           32%        N/A       4%          2

Your spell library contained the following spells:

 Spells                   Type           Power      Damage    Failure   Level
 Gell's Gravitas          Tloc           16%        N/A       9%          3
 Lesser Beckoning         Tloc           16%        N/A       9%          3
 Teleport Other           Tloc           16%        N/A       9%          3
 Sublimation of Blood     Necr           4%         N/A       28%         2
 Manifold Assault         Tloc           16%        N/A       58%         5
 Petrify                  Tmut/Erth      4%         N/A       88%         4
 Irradiate                Conj/Tmut      2%         3d14      99%         5


Dungeon Overview and Level Annotations

Branches:
Dungeon (3/15)

Altars:

Annotations:
D:2 1 runed translucent door, exclusion: door


Innate Abilities, Weirdness & Mutations

You have very sharp teeth.
Your uncanny sense of smell can sniff out nearby items.
Your experience applies equally to all skills.


Message History

Found a chain mail.
The orc shouts! x2; The orc wizard shouts!
An orc comes into view. It is wielding a +0 flail.
The orc shouts!
You hear an angry hiss.
You reach to attack!
You closely miss the orc. You hit the orc.
The orc is lightly wounded.
The orc closely misses you.
You hit the orc. You bite the orc, but do no damage.
The orc is severely wounded.
The orc barely misses you.
The orc wizard gestures wildly while chanting.
The orc wizard flickers and vanishes!
Deactivating autopickup; reactivate with Ctrl-A.
You hit the orc but do no damage. Your bite misses the orc.
The orc is severely wounded.
The orc closely misses you.
You hit the orc. Your bite misses the orc.
The orc is almost dead.
The orc hits you with a +0 short sword.
You closely miss the orc.
The orc is almost dead.
The orc misses you.
You closely miss the orc.
The orc is almost dead.
You hit something but do no damage. You barely miss something.
Something barely misses you.
You miss something. Something hits you. x2
You closely miss something. You bite something. Something hits you.
You hit something but do no damage. Something hits you.
You closely miss something. Something hits you. x2
You hit something but do no damage. You bite something. Something hits you.
* * * LOW HITPOINT WARNING * * *
You hit something. Something hits you but does no damage.
You closely miss something. Something hits you.
* * * LOW HITPOINT WARNING * * *
You hear some strange, mumbled words.
A magic dart appears from out of thin air!
The magic dart hits you!
You die...

... #....## ....
#.....### ....#
#.......######
.....####.....#.......
....o.o...........#
.[.o..oo#####...#.#####
.....##.# ###.......####
.... #o###########.).....
.. #o{@....# #####.....
......######........##...
#####. #.......... ##
..######... ...... .
......... ....# ######...
....# #### ... ### ...
##..


You could see 2 orcs.

Vanquished Creatures
  A worm (D:3)
  2 dart slugs
  6 ball pythons
  3 endoplasms
  2 giant cockroaches (D:2)
  6 goblins
  3 hobgoblins
  2 kobolds
  7 quokkas
  4 bats
  2 frilled lizards (D:2)
  2 rats
40 creatures vanquished.

Notes
Turn   | Place    | Note
-------+----------+-------------------------------------------
     0 | D:1      | Ablot the Gnoll Warper began the quest for the Orb.
     0 | D:1      | Reached XP level 1. HP: 20/20 MP: 6/6
   240 | D:1      | Reached XP level 2. HP: 26/26 MP: 7/7
   243 | D:1      | Learned a level 2 spell: Blink
   958 | D:2      | Reached XP level 3. HP: 18/31 MP: 9/9
  1091 | D:2      | Found a runed translucent door.
  1117 | D:2      | Reached skill level 5 in Spellcasting
  1460 | D:2      | Reached skill level 1 in Invocations
  2122 | D:3      | Reached skill level 1 in Short Blades
  2122 | D:3      | Reached skill level 1 in Long Blades
  2122 | D:3      | Reached skill level 1 in Axes
  2122 | D:3      | Reached skill level 1 in Maces & Flails
  2122 | D:3      | Reached skill level 1 in Staves
  2122 | D:3      | Reached skill level 1 in Slings
  2122 | D:3      | Reached skill level 1 in Bows
  2122 | D:3      | Reached skill level 1 in Crossbows
  2122 | D:3      | Reached skill level 1 in Stealth
  2122 | D:3      | Reached skill level 1 in Shields
  2122 | D:3      | Reached skill level 1 in Unarmed Combat
  2122 | D:3      | Reached skill level 1 in Evocations
  2150 | D:3      | Killed from afar by an orc wizard

Illustrated notes

Levels and vault maps discovered:
D:1:      eino_arrival_cavern_b, layout_rooms, st_stairs_2
D:2:      cheibrodos_old_hovel, layout_loops_ring, minivault_5,
          uniq_crazy_yiuf_cottage
D:3:      layout_rooms

Skill      XL: |  1  2  3 |
---------------+----------+-----
Spellcasting   | 5 |  5.0
Invocations    | 1 |  1.0
Short Blades   | 1 |  1.0
Long Blades    | 1 |  1.0
Axes           | 1 |  1.0
Maces & Flails | 1 |  1.0
Staves         | 1 |  1.0
Slings         | 1 |  1.0
Bows           | 1 |  1.0
Crossbows      | 1 |  1.0
Stealth        | 1 |  1.0
Shields        | 1 |  1.0
Unarmed Combat | 1 |  1.0
Evocations     | 1 |  1.0
Fighting       | |  4.6
Polearms       | |  4.6
Throwing       | |  2.6
Armour         | |  2.6
Dodging        | |  4.6
Conjurations   | |  0.7
Hexes          | |  0.7
Summonings     | |  0.7
Necromancy     | |  0.7
Translocations | |  5.4
Transmutations | |  0.7
Fire Magic     | |  0.7
Ice Magic      | |  0.7
Air Magic      | |  0.7
Earth Magic    | |  0.7
Poison Magic   | |  0.7

Action                   || total
-------------------------++-------
Melee: Spear             ||   177
       Bite              ||    20
       Punch             ||     4
 Stab: Sleeping          ||     6
Armor: Leather armour    ||    24
Dodge: Dodged            ||    74
